 Dungeon Crawl Stone Soup version 0.25-b1-46-gb8a1ec05df (webtiles) character file.

Game seed: 9242894523397159961

485 gruber the Slinger (level 7, -8/44 HPs)
             Began as a Halfling Hunter on June 11, 2020.
             Killed from afar by an orc wizard (12 damage)
             ... with a puff of flame
             ... on level 4 of the Dungeon.
             The game lasted 00:02:38 (2605 turns).

gruber the Slinger (Halfling Hunter)                Turns: 2605, Time: 00:02:39

Health: -8/44      AC:  4    Str: 15    XL:     7   Next: 35%
Magic:  7/7        EV: 14    Int:  9    God:
Gold:   135        SH:  0    Dex: 15    Spells: 6/6 levels left

rFire    . . .     SeeInvis .   a - +1 hunting sling
rCold    . . .     Gourm    .   (shield restricted)
rNeg     . . .     Faith    .   c - +0 leather armour
rPois    .         Spirit   .   (no helmet)
rElec    .         Reflect  .   (no cloak)
rCorr    .         Harm     .   (no gloves)
MR       .....                  u - +0 pair of boots
Stlth    ++........             (no amulet)
HPRegen  0.14/turn              (no ring)
MPRegen  0.10/turn              (no ring)

@: no status effects
A: small, mutation resistance 1
a: no special abilities


You were on level 4 of the Dungeon.
You were not hungry.

You visited 1 branch of the dungeon, and saw 4 of its levels.

You collected 135 gold pieces.

Inventory:

Hand Weapons
 a - a +1 hunting sling (weapon)
 b - a +0 short sword
Missiles
 d - 65 sling bullets
 h - 2 stones (quivered)
Armour
 c - a +0 leather armour (worn)
 u - a +0 pair of boots (worn)
Jewellery
 o - an uncursed amulet of regeneration {unknown}
 r - an uncursed ring of resist corrosion {unknown}
 x - an uncursed ring of fire
Wands
 w - a wand of digging (7)
Scrolls
 e - 2 scrolls of fear {unknown}
 i - 2 scrolls of immolation {unknown}
 j - 5 scrolls of identify
 m - a scroll of magic mapping {unknown}
Potions
 g - 2 potions of flight
 k - a potion of curing
 l - 2 potions of lignification {unknown}
 n - 2 potions of mutation {unknown}
 p - a potion of might {unknown}
 s - a potion of brilliance {unknown}
 t - a potion of haste {unknown}
 v - a potion of ambrosia {unknown}
 z - a potion of resistance {unknown}
Comestibles
 f - 6 rations
 q - 5 chunks of flesh


   Skills:
 - Level 1.7 Fighting
 + Level 11.6 Slings
 - Level 2.1 Dodging
 - Level 1.1 Stealth


You had 6 spell levels left.
You didn't know any spells.
Your spell library was empty.

Dungeon Overview and Level Annotations

Branches:
Dungeon (4/15)
 Temple: D:4-7

Altars:
Gozag
Makhleb
Trog
Zin


Innate Abilities, Weirdness & Mutations

You are small and have problems with some larger weapons.
You are somewhat resistant to further mutation.


Message History

Press: ? - help, Shift-Dir - straight line, f - adder, p - orc priest
Aim: an adder You shoot a stone.
The stone hits the adder.
The adder is heavily wounded.
The hound bites you.
An orc comes into view. It is wielding a +0 flail.
The orc wizard hits you but does no damage.
The orc priest mumbles some strange prayers to Beogh against you.
Beogh smites you!
* * * LOW HITPOINT WARNING * * *
The orc shouts!
Firing (i - inventory. (/) - cycle)
h - 3 stones (quivered)
Press: ? - help, Shift-Dir - straight line, f/p - adder
Aim: an adder (heavily wounded)
You shoot a stone. The stone hits the adder.
You kill the adder!
The hound misses you. The orc wizard casts a spell at you.
The puff of flame hits you!
You die...

..(# . (.(##. .O..
.######
####).#####......
..(()......#....
#.()..###.....
#....h....... #
.#.....#####o###### ..#
.(.....#####..Oo@o#...$#
........(((....h.(.....#
##.....###########.....#
#....<# #....# .......#
....# ##....## ...#
....... ..# ###### ..#


You could see an ogre, a hound, an orc priest, an orc wizard and an orc.

Vanquished Creatures
  Grinder (D:3)
  A hound (D:4)
  An orc priest (D:3)
  2 orc wizards
  A worker ant (D:4)
  5 adders
  2 oozes (D:3)
  3 dart slugs
  4 leopard geckos
  11 orcs
  6 bats
  5 giant cockroaches
  6 goblins
  6 hobgoblins
  9 jackals
  10 kobolds
  2 quokkas
  5 frilled lizards
  3 rats
83 creatures vanquished.

Notes
Turn   | Place    | Note
-------+----------+-------------------------------------------
     0 | D:1      | gruber the Halfling Hunter began the quest for the Orb.
     0 | D:1      | Reached XP level 1. HP: 14/14 MP: 1/1
    27 | D:1      | Reached skill level 6 in Slings
    99 | D:1      | Reached XP level 2. HP: 19/19 MP: 2/2
   372 | D:1      | Reached skill level 7 in Slings
   372 | D:1      | Reached XP level 3. HP: 24/24 MP: 3/3
  1002 | D:2      | Found an opulent altar of Gozag.
  1232 | D:2      | Reached XP level 4. HP: 29/29 MP: 4/4
  1377 | D:2      | Found a bloodstained altar of Trog.
  1586 | D:2      | Found a burning altar of Makhleb.
  1586 | D:2      | Noticed a balrug
  1587 | D:2      | Found a glowing silver altar of Zin.
  1587 | D:2      | Noticed an angel
  1755 | D:3      | Reached skill level 8 in Slings
  1767 | D:3      | Reached skill level 9 in Slings
  1767 | D:3      | Reached XP level 5. HP: 25/34 MP: 5/5
  1961 | D:3      | Noticed Grinder
  1987 | D:3      | Paralysed by Grinder for 2 turns
  1993 | D:3      | Killed Grinder
  1993 | D:3      | Reached skill level 10 in Slings
  1993 | D:3      | Reached XP level 6. HP: 31/39 MP: 6/6
  2238 | D:3      | Reached skill level 11 in Slings
  2240 | D:3      | Reached XP level 7. HP: 44/44 MP: 7/7
  2605 | D:4      | Killed from afar by an orc wizard

Illustrated notes

Levels and vault maps discovered:
D:1:      eino_arrival_water_star, layout_basic, serial_bayou_pond_c,
          chequers_serial_rivers_micro_a, minmay_misc_feat_tiny
D:2:      layout_basic, grunt_temple_overflow_order_and_chaos_2,
          old_standard_altar, lemuel_coloured_pillars_altar
D:3:      kennysheep_six_static_rooms, layout_loops_cross, first_ration,
          uniq_grinder
D:4:      layout_rooms, kiku_gazebo_pond_becter, kennysheep_mini,
          gammafunk_temple_overflow_statue, gammafunk_ghost_gnarly_gnolls,
          uniq_menkaure, uniq_ijyb, uniq_sigmund

Skill      XL: |  1  2  3  4  5  6 |
---------------+-------------------+-----
Slings         | 6 7 9 10 11 | 11.6
Fighting       | |  1.7
Dodging        | |  2.1
Stealth        | |  1.1

Action                   |  1- 3 |  4- 6 |  7- 9 || total
-------------------------+-------+-------+-------++-------
 Fire: Hunting sling     |    87 |    89 |    65 ||   241
  Use: Scroll            |       |       |     1 ||     1
       Potion            |       |       |     1 ||     1
  Eat: Chunk             |     1 |     3 |     1 ||     5
Armor: Leather armour    |     7 |     5 |     5 ||    17
Dodge: Dodged            |    12 |    14 |    31 ||    57
